 Dungeon Crawl Stone Soup version 0.18-a0-1515-g333d932 (webtiles) character file.

319 MenacingMecha the Chucker (level 6, 0/59 HPs)
             Began as an Ogre Hunter on Mar 7, 2016.
             Slain by an ice beast (6 damage)
             ... on level 5 of the Dungeon.
             The game lasted 00:13:38 (3972 turns).

MenacingMecha the Chucker (Ogre Hunter)             Turns: 3972, Time: 00:13:38

Health: 0/59       AC:  3    Str: 20    XL:     6   Next: 45%
Magic:  6/6        EV: 10    Int: 10    God:
Gold:   314        SH:  0    Dex: 10    Spells: 0 memorised, 5 levels left

rFire  . . .     SeeInvis .     e - +0 dagger (venom)
rCold  . . .     Gourm    .     s - +0 robe (curse)
rNeg   . . .     Faith    .     (no shield)
rPois  .         Spirit   .     (helmet restricted)
rElec  .         Dismiss  .     (no cloak)
rCorr  .         Reflect  .     (gloves unavailable)
SustAt .         Harm     .     (boots unavailable)
MR     .....                    (no amulet)
Stlth  +.........               (no ring)
                                (no ring)

@: not resistant to hostile enchantments, very unstealthy
A: unfitting armour, tough skin 1
a: no special abilities


You were on level 5 of the Dungeon.
You were not hungry.

You visited 1 branch of the dungeon, and saw 5 of its levels.

You collected 314 gold pieces.

Inventory:

Hand Weapons
 e - a +0 dagger of venom (weapon)
 j - a cursed -1 club
 t - a +0 mace
Armour
 s - a cursed +0 robe (worn)
 y - a +0 shield
Jewellery
 o - a +4 amulet of reflection {unknown}
 q - a +3 ring of strength {unknown}
 x - an uncursed ring of poison resistance {unknown}
Wands
 v - a wand of lightning (6/15)
 z - a wand of flame (33/48)
Scrolls
 a - a scroll of fear {unknown}
 i - 7 scrolls of identify {unknown}
 k - a scroll of immolation {unknown}
 l - 2 scrolls of teleportation {unknown}
 m - 3 scrolls of remove curse {unknown}
 r - a scroll of recharging {unknown}
 w - a scroll of amnesia {unknown}
 A - a scroll of magic mapping {unknown}
Potions
 b - a potion of invisibility {unknown}
 g - 2 potions of heal wounds {unknown}
 n - a potion of mutation {unknown}
 u - a potion of might {unknown}
 B - a potion of cure mutation {unknown}
 C - a potion of degeneration {unknown}
Comestibles
 f - 4 bread rations
 h - a slice of pizza
 p - 4 fruits


   Skills:
 - Level 2.6 Fighting
 + Level 5.1 Maces & Flails
 + Level 6.2 Throwing
 - Level 1.7 Dodging
 - Level 0.7 Stealth


You had 5 spell levels left.
You didn't know any spells.

Dungeon Overview and Level Annotations

Branches:
Dungeon (5/15)
 Temple: D:4-7

Altars:


Innate Abilities, Weirdness & Mutations

You are too large for most types of armour.
You have tough skin (AC +1).


Message History

The ice beast hits you but does no damage.
You barely miss the ice beast.
The ice beast is moderately wounded.
The ice beast hits you. The ice beast freezes you!
You hit the ice beast but do no damage.
The ice beast is moderately wounded.
The ice beast hits you but does no damage.
You hit the ice beast but do no damage.
The ice beast is heavily wounded.
The ice beast hits you. The ice beast freezes you!
You hit the ice beast but do no damage.
The ice beast is heavily wounded.
The ice beast looks more healthy.
The ice beast hits you. The ice beast freezes you!
* * * LOW HITPOINT WARNING * * *
You see here 19 stones.
The ice beast hits you.
* * * LOW HITPOINT WARNING * * *
The ice beast freezes you.
You die...

#.......# .# ####......# ..#
#.#.........#####..##
#...........##.>....## ..
#..#####.(...........###.. #
##.####................#...
###..#.....................#
.......####.....Y.........#
##...#####......@........#
##.#####...##....(......# #
##.#.......##...####....# .#
##......#..##..#.## ##...# ..##
#.......#..##..#..# #...###...#
....#.....###.##..####.......#
...###....##..###..#....#..###
...####.#..#.##..#....#...#####
....###......####...#.#...###.#


You could see an ice beast.

Vanquished Creatures
  The ghost of Etesian the Skirmisher, an amateur DsFi of Qazlal (D:3)
  A centaur skeleton (D:5)
  A hound (D:4)
  2 orc wizards (D:4)
  Jessica (D:2)
  A hound skeleton (D:4)
  An adder (D:2)
  An adder skeleton (D:4)
  3 dart slugs
  2 giant geckos
  3 orcs
  4 ball pythons
  4 bats
  6 giant cockroaches
  5 goblins
  7 hobgoblins
  4 jackals (D:4)
  3 giant newts
  A jackal skeleton (D:4)
  5 kobolds
  4 rats
60 creatures vanquished.

Notes
Turn   | Place    | Note
--------------------------------------------------------------
     0 | D:1      | MenacingMecha the Ogre Hunter began the quest for the Orb.
     0 | D:1      | Reached XP level 1. HP: 22/22 MP: 1/1
   159 | D:1      | Reached XP level 2. HP: 29/29 MP: 2/2
   806 | D:1      | Reached XP level 3. HP: 32/36 MP: 3/3
   934 | D:2      | Reached skill level 1 in Maces & Flails
  1316 | D:2      | Reached skill level 5 in Throwing
  1633 | D:2      | Noticed Jessica
  1634 | D:2      | Killed Jessica
  1634 | D:2      | Reached XP level 4. HP: 44/44 MP: 4/4
  2211 | D:3      | Noticed Etesian's ghost (amateur DsFi)
  2240 | D:3      | Killed Etesian's ghost
  2240 | D:3      | Reached XP level 5. HP: 25/50 MP: 5/5
  2858 | D:4      | Reached skill level 6 in Throwing
  2858 | D:4      | Reached XP level 6. HP: 24/59 MP: 6/6
  3257 | D:4      | Reached skill level 5 in Maces & Flails
  3658 | D:5      | Entered Level 5 of the Dungeon
  3955 | D:5      | Noticed an ice beast
  3972 | D:5      | Slain by an ice beast

Vault maps used:
D:1:      dpeg_arrival_water_altar, minivault_11
D:2:      first_bread, uniq_jessica
D:5:      hangedman_minor_gate_pass

Skill      XL: |  1  2  3  4  5  6 |
---------------+-------------------+-----
Maces & Flails | 2 3 4 5 |  5.1
Throwing       | 5 6 |  6.2
Fighting       | |  2.6
Dodging        | |  1.7
Stealth        | |  0.7

Action                   |  1- 3 |  4- 6 || total
-------------------------+-------+-------++-------
Melee: Short sword       |    14 |       ||    14
       Dagger            |    81 |   141 ||   222
Throw: Large rock        |     5 |    14 ||    19
       Throwing net      |       |     5 ||     5
  Eat: Chunk             |     2 |     5 ||     7
       Meat ration       |       |     1 ||     1
